 Dungeon Crawl Stone Soup version 0.23.2-33-g5129a83184 (webtiles) character file.

Game seed: 3776012346176444425

127 Hebeh the Conjurer (level 4, -3/24 HPs)
             Began as a Deep Elf Conjurer on July 3, 2019.
             Slain by a wyvern zombie (5 damage)
             ... on level 3 of the Dungeon.
             The game lasted 00:14:26 (2822 turns).

Hebeh the Conjurer (Deep Elf Conjurer)              Turns: 2822, Time: 00:14:27

Health: -3/24      AC:  2    Str:  5    XL:     4   Next: 85%
Magic:  4/13       EV: 13    Int: 21    God:
Gold:   175        SH:  0    Dex: 15    Spells: 12/13 levels left

rFire    . . .     SeeInvis .   n - +2 dagger (speed)
rCold    + . .     Gourm    +   (no shield)
rNeg     . . .     Faith    .   a - +0 robe
rPois    .         Spirit   .   (no helmet)
rElec    .         Reflect  .   (no cloak)
rCorr    .         Harm     .   (no gloves)
MR       .....                  (no boots)
Stlth    ++........             g - amulet of the gourmand
HPRegen  0.08/turn              d - ring of protection from cold
MPRegen  0.13/turn              (no ring)

@: no status effects
A: no striking features
a: no special abilities


You were on level 3 of the Dungeon.
You were not hungry.

You visited 1 branch of the dungeon, and saw 3 of its levels.

You collected 175 gold pieces.

Inventory:

Hand Weapons
 n - a +2 dagger of speed (weapon)
Missiles
 f - 4 tomahawks (quivered)
 j - 81 stones
 l - 12 sling bullets
Armour
 a - a +0 robe (worn)
 u - a +0 helmet
Jewellery
 d - a ring of protection from cold (left hand)
 g - an amulet of the gourmand (around neck)
Scrolls
 i - a scroll of identify
 k - a scroll of enchant armour {unknown}
 s - 2 scrolls of noise
Potions
 e - a potion of haste {unknown}
 h - a potion of brilliance {unknown}
 m - 2 potions of ambrosia
 r - a potion of mutation {unknown}
 v - a potion of curing {unknown}
 w - a potion of heal wounds {unknown}
Comestibles
 c - 3 rations


   Skills:
 - Level 2.4 Dodging
 - Level 2.4 Stealth
 + Level 5.3 Spellcasting
 + Level 5.7 Conjurations


You had 12 spell levels left.
You knew the following spells:

 Your Spells              Type           Power        Failure   Level  Hunger
a - Magic Dart            Conj           ####         1%          1    None

Your spell library contained the following spells:

 Spells                   Type           Power        Failure   Level  Hunger
 Searing Ray              Conj           ####..       1%          2    None
 Dazzling Spray           Conj/Hex       ###...       10%         3    ##.....
 Iskenderun's Mystic Bla  Conj           ####....     10%         4    ####...
 Force Lance              Conj/Tloc      ###.....     32%         4    ####...
 Fulminant Prism          Conj/Hex       ###.......   32%         4    ####...


Dungeon Overview and Level Annotations

Branches:
Dungeon (3/15)

Altars:


Message History

The magic dart hits the wyvern zombie.
The wyvern zombie is heavily damaged.
The wyvern zombie bites you but does no damage.
Casting: Magic Dart (safe; 1% risk of failure)
Confirm with . or Enter, or press ? or * to list all spells.
Aiming: Magic Dart (safe; 1% risk of failure)
Press: ? - help, Shift-Dir - straight line, f/p - wyvern zombie
Aim: a wyvern zombie (heavily damaged)
The magic dart hits the wyvern zombie.
The wyvern zombie is heavily damaged.
The wyvern zombie misses you.
Casting: Magic Dart (safe; 1% risk of failure)
Confirm with . or Enter, or press ? or * to list all spells.
Aiming: Magic Dart (safe; 1% risk of failure)
Press: ? - help, Shift-Dir - straight line, f/p - wyvern zombie
Aim: a wyvern zombie (heavily damaged)
The magic dart hits the wyvern zombie.
The wyvern zombie is heavily damaged.
The wyvern zombie bites you.
You die...

#.........###
####.......[.....# #
.>.....#.####....# .
#≈.#...#.#####.#.#
.#
≈..##..#.........##[
.≈ #..............
## ##............
#.#########Z# #.#
#@# #.#########.#
#...........#
#############


You could see a wyvern zombie.

Vanquished Creatures
  Robin (D:2)
  3 adders (D:2)
  An ooze (D:2)
  A worm (D:2)
  2 dart slugs (D:1)
  2 ball pythons (D:1)
  7 bats
  3 giant cockroaches
  5 hobgoblins
  7 jackals (D:1)
  2 quokkas (D:2)
  4 frilled lizards
  14 goblins
  11 kobolds
  13 rats
76 creatures vanquished.

Notes
Turn   | Place    | Note
-------+----------+-------------------------------------------
     0 | D:1      | Hebeh the Deep Elf Conjurer began the quest for the Orb.
     0 | D:1      | Reached XP level 1. HP: 10/10 MP: 6/6
   264 | D:1      | Reached XP level 2. HP: 15/15 MP: 0/8
   983 | D:1      | Reached XP level 3. HP: 19/19 MP: 10/10
  1096 | D:1      | Reached skill level 5 in Conjurations
  1793 | D:2      | Reached XP level 4. HP: 24/24 MP: 4/12
  1975 | D:2      | Noticed Robin
  1994 | D:2      | Killed Robin
  1994 | D:2      | Reached skill level 5 in Spellcasting
  2819 | D:3      | HP: 1/24 [wyvern zombie (15)]
  2822 | D:3      | Slain by a wyvern zombie

Skill      XL: |  1  2  3  4 |
---------------+-------------+-----
Spellcasting   | 4 5 |  5.3
Conjurations   | 5 |  5.7
Dodging        | |  2.4
Stealth        | |  2.4

Action                   |  1- 3 |  4- 6 || total
-------------------------+-------+-------++-------
Melee: Dagger            |    24 |     8 ||    32
       Unarmed           |     1 |       ||     1
Throw: Tomahawk          |    16 |     5 ||    21
       Stone             |       |     3 ||     3
 Cast: Magic Dart        |    71 |    47 ||   118
  Use: Scroll            |       |     4 ||     4
 Stab: Sleeping          |     5 |       ||     5
  Eat: Chunk             |     2 |     5 ||     7
Armor: Robe              |     5 |     2 ||     7
Dodge: Dodged            |    54 |    25 ||    79
